 Dungeon Crawl Stone Soup version 0.29-a0-297-g7659ce593d (webtiles) character file.

Game seed: 7756779239879694752

434 Essalna the Sneak (level 6, -5/30 HPs)
             Began as a Spriggan Venom Mage on Mar 21, 2022.
             Slain by Grinder (6 damage)
             ... on level 2 of the Dungeon.
             The game lasted 00:10:50 (4412 turns).

Essalna the Sneak (Spriggan Venom Mage)             Turns: 4412, Time: 00:10:51

Health: -5/30      AC:  2    Str:  4    XL:     6   Next: 68%
Magic:  6/14       EV: 18    Int: 19    God:
Gold:   187        SH:  0    Dex: 21    Spells: 7/14 levels left

rFire   + . .      SeeInvis +   n - +4 mace (protect)
rCold   + . .      Faith    .   (no shield)
rNeg    . . .      Spirit   .   a - +0 robe
rPois   .          Reflect  .   (helmet restricted)
rElec   .          Harm     .   p - scarf {rC+ rF+}
rCorr   .          Rampage  .   (gloves unavailable)
Will    +....                   (boots unavailable)
Stlth   +++.......              (no amulet)
HPRegen 0.10/turn               m - +6 ring of dexterity
MPRegen 0.14/turn               (no ring)

@: very quick
A: very small, no large weapons, unfitting armour, see invisible, speed 3
a: no special abilities


You were on level 2 of the Dungeon.
You visited 1 branch of the dungeon, and saw 4 of its levels.

You collected 187 gold pieces.

Inventory:

Hand Weapons
 d - a +0 spear
 f - a +1 dagger of speed
 k - a +2 short sword of protection
 n - a +4 mace of protection (weapon)
Armour
 a - a +0 robe (worn)
 p - a scarf of resistance (worn)
 r - an orb of light
Jewellery
 m - a +6 ring of dexterity (left hand)
Scrolls
 e - 3 scrolls of teleportation {unknown}
 g - a scroll of magic mapping {unknown}
 i - a scroll of immolation {unknown}
 j - a scroll of amnesia {unknown}
 l - 2 scrolls of identify {unknown}
 o - a scroll of fog {unknown}
 s - a scroll of blinking {unknown}
Potions
 b - a potion of magic
 c - 3 potions of brilliance {unknown}
 h - 2 potions of curing {unknown}
 q - a potion of attraction {unknown}


   Skills:
 + Level 1.6 Fighting
 + Level 3.2 Dodging
 + Level 5.6 Stealth
 + Level 4.8 Spellcasting
 - Level 1.3 Transmutations
 + Level 2.2 Air Magic
 + Level 4.5 Poison Magic


You had 7 spell levels left.
You knew the following spells:

 Your Spells              Type           Power      Damage    Failure   Level
a - Sting                 Tmut/Pois      60%        1d6       3%          1
b - Poisonous Vapours     Pois/Air       34%        N/A       4%          2
c - Olgreb's Toxic Radia  Pois           21%        N/A       19%         4

Your spell library contained the following spells:

 Spells                   Type           Power      Damage    Failure   Level
 Mephitic Cloud           Conj/Pois/Air  13%        N/A       16%         3
 Tukima's Dance           Hex            4%         N/A       36%         3
 Anguish                  Hex/Necr       2%         N/A       77%         4
 Enfeeble                 Hex            2%         N/A       100%        7


Dungeon Overview and Level Annotations

Branches:
Dungeon (4/15)
 Temple: D:4-7

Altars:
Yredelemnul

Annotations:
D:2 Grinder, Sigmund


Innate Abilities, Weirdness & Mutations

You are very small and have problems with some larger weapons.
You are too small for most types of armour.
You have supernaturally acute eyesight. (SInv)
You cover ground extremely quickly. (Speed+++)


Message History

Aim: Grinder (lightly wounded, poisoned, 71% to hit)
The sting hits Grinder but does no damage.
Grinder looks even sicker.
Grinder is lightly wounded.
Casting: Sting (safe; 3% risk of failure)
Confirm with . or Enter, or press ? or * to list all spells.
Aiming: Sting (safe; 3% risk of failure)
Press: ? - help, Shift-Dir - straight line, f/p - Grinder
Aim: Grinder (lightly wounded, very poisoned, 71% to hit)
The sting hits Grinder but does no damage.
Grinder looks even sicker.
Grinder is lightly wounded.
Casting: Sting (safe; 3% risk of failure)
Confirm with . or Enter, or press ? or * to list all spells.
Aiming: Sting (safe; 3% risk of failure)
Press: ? - help, Shift-Dir - straight line, f/p - Grinder
Aim: Grinder (lightly wounded, very poisoned, 71% to hit)
The sting misses Grinder.
Grinder misses you.
Casting: Sting (safe; 3% risk of failure)
Confirm with . or Enter, or press ? or * to list all spells.
Aiming: Sting (safe; 3% risk of failure)
Press: ? - help, Shift-Dir - straight line, f/p - Grinder
Aim: Grinder (moderately wounded, very poisoned, 71% to hit)
The sting hits Grinder.
Grinder looks as sick as possible!
Grinder is moderately wounded.
Grinder gestures at you. Pain shoots through your body!
* * * LOW HITPOINT WARNING * * *
Casting: Sting (safe; 3% risk of failure)
Confirm with . or Enter, or press ? or * to list all spells.
Aiming: Sting (safe; 3% risk of failure)
Press: ? - help, Shift-Dir - straight line, f/p - Grinder
Aim: Grinder (moderately wounded, extremely poisoned, 71% to hit)
The sting hits Grinder.
Grinder partially resists.
Grinder looks as sick as possible!
Grinder is moderately wounded.
Grinder hits you!
* * * LOW HITPOINT WARNING * * *
You writhe in agony.
You die...

...# ##.......##.# .###
#........##.#
.#####P.♣♣..#.>#.#
..##..P.....#..#.#
#....PP♣♣♣..P..#.##
###...PP♣♣♣.......##
....#P♣♣♣PPP.###...##
.#####.P.♣.P.###5#..####
## ##...P.....@......#
########..............#
##......#....)...).....#
##......#.........<....#
........#...........####
...................##
#.......#..........#
.#.................#
.#......#..........#


You could see Grinder (extremely poisoned).

Vanquished Creatures
  A sky beast (D:3)
  2 scorpions
  A howler monkey (D:4)
  A scorpion zombie (D:3)
  An iguana (D:4)
  Terence (D:2)
  3 gnolls (D:2)
  2 adders
  An adder zombie (D:3)
  2 dart slugs
  An orc (D:4)
  2 ball pythons (D:1)
  5 endoplasms
  A giant cockroach (D:2)
  9 goblins
  4 hobgoblins
  3 jackals (D:3)
  5 quokkas (D:2)
  3 bats
  5 frilled lizards
  7 kobolds
  2 rats
62 creatures vanquished.

Vanquished Creatures (others)
  8 plants (D:2)
8 creatures vanquished.

Grand Total: 70 creatures vanquished

Notes
Turn   | Place    | Note
-------+----------+-------------------------------------------
     0 | D:1      | Essalna the Spriggan Venom Mage began the quest for the
                  | Orb.
     0 | D:1      | Reached XP level 1. HP: 9/9 MP: 5/5
   563 | D:1      | Reached XP level 2. HP: 7/13 MP: 1/7
  1296 | D:2      | Noticed Sigmund
  1463 | D:3      | Noticed Grinder
  1531 | D:1      | Learned a level 2 spell: Poisonous Vapours
  1543 | D:2      | Reached XP level 3. HP: 15/16 MP: 5/9
  1852 | D:2      | Noticed Terence
  2047 | D:2      | Killed Terence
  2260 | D:2      | Reached XP level 4. HP: 21/21 MP: 8/10
  2400 | D:2      | Reached skill level 4 in Stealth
  2587 | D:2      | Reached skill level 1 in Air Magic
  2805 | D:3      | Noticed a scorpion
  2810 | D:3      | Killed a scorpion
  2811 | D:3      | Reached XP level 5. HP: 25/25 MP: 1/12
  2934 | D:3      | Noticed a sky beast
  2959 | D:3      | Killed a sky beast
  2960 | D:3      | Reached skill level 1 in Fighting
  2960 | D:3      | Reached skill level 5 in Stealth
  3171 | D:3      | Reached XP level 6. HP: 29/30 MP: 10/13
  3182 | D:3      | Learned a level 4 spell: Olgreb's Toxic Radiance
  3419 | D:3      | Found a basalt altar of Yredelemnul.
  3917 | D:3      | Paralysed by Grinder for 6 turns
  4141 | D:3      | Paralysed by Grinder for 5 turns
  4152 | D:3      | Paralysed by Grinder for 3 turns
  4412 | D:2      | HP: 1/30 [Grinder (7)]
  4412 | D:2      | Slain by Grinder

Illustrated notes

Levels and vault maps discovered:
D:1:      minmay_arrival_up_and_down, layout_basic,
          minmay_misc_feat_four_crosses
D:2:      layout_rooms, serial_forest, infiniplex_forest_pool,
          infiniplex_forest_end_2, infiniplex_forest_straight_2,
          infiniplex_forest_diagonal, infiniplex_forest_clump_medium,
          minmay_pentomino_z2, uniq_terence, uniq_sigmund
D:3:      layout_basic, lemuel_zombie_altar_yredelemnul, uniq_grinder
D:4:      layout_basic

Skill      XL: |  1  2  3  4  5  6 |
---------------+-------------------+-----
Spellcasting   | 3 4 |  4.8
Stealth        | 4 5 |  5.6
Air Magic      | 1 2 |  2.2
Poison Magic   | 4 |  4.5
Fighting       | 1 |  1.6
Dodging        | 3 |  3.2
Transmutations | |  1.3

Action                   |  1- 3 |  4- 6 || total
-------------------------+-------+-------++-------
Melee: Spear             |    13 |       ||    13
       Dagger            |    19 |     6 ||    25
       Mace              |       |    21 ||    21
       Punch             |       |     1 ||     1
 Cast: Sting             |    78 |    48 ||   126
       Poisonous Vapours |       |    31 ||    31
 Stab: Sleeping          |     2 |     1 ||     3
Armor: Robe              |     4 |    11 ||    15
Dodge: Dodged            |    42 |    42 ||    84

Table legend: (Time is in decaauts)
 A = Elapsed time spent in this place.
 B = Non-inter-level travel time spent in this place.
 C = Inter-level travel time spent in this place.
 D = Time resting spent in this place.
 E = Time spent auto-exploring this place.
 F = Levels seen in this place.
 G = Mean time per level.
                   A        B        C        D        E       F      G
               +--------+--------+--------+--------+--------+-----+--------+
         Total |   3641 |   3524 |    117 |    552 |   2309 |   4 |  910.2 |
       Dungeon |   3641 |   3524 |    117 |    552 |   2309 |   4 |  910.2 |
               +--------+--------+--------+--------+--------+-----+--------+

Top non-repeatable levels by time:
     D:1: 1245 daAuts
     D:2: 1193 daAuts
     D:3: 974 daAuts
     D:4: 228 daAuts
